 Dungeon Crawl Stone Soup version 0.28-a0-1435-g82390b3a13 (webtiles) character file.

Game seed: 15956601056829268249

9 knot the Chopper (level 2, 22/24 HPs)
             Began as a Demonspawn Berserker on Jan 10, 2022.
             Was a Follower of Trog.
             Quit the game on level 1 of the Dungeon.
             The game lasted 00:00:15 (223 turns).

knot the Chopper (Demonspawn Berserker)              Turns: 223, Time: 00:00:16

Health: 22/24      AC:  2    Str: 17    XL:     2   Next: 3%
Magic:  2/2        EV: 12    Int:  8    God:    Trog [*.....]
Gold:   22         SH:  0    Dex: 12    Spells: 1/1 levels left

rFire   . . .      SeeInvis .   a - +0 hand axe
rCold   . . .      Faith    .   (no shield)
rNeg    . . .      Spirit   .   b - +0 animal skin
rPois   .          Reflect  .   (no helmet)
rElec   .          Harm     .   (no cloak)
rCorr   .          Rampage  .   (no gloves)
Will    .....                   (no boots)
Stlth   +.........              (no amulet)
HPRegen 0.08/turn               (no ring)
MPRegen 0.08/turn               (no ring)

@: no status effects
A: powered by pain 1
a: Renounce Religion, Berserk


You were on level 1 of the Dungeon.
You worshipped Trog.
Trog was aware of your devotion.
You visited 1 branch of the dungeon, and saw 1 of its levels.

You collected 22 gold pieces.

Inventory:

Hand Weapons
 a - a +0 hand axe (weapon)
Missiles
 c - a throwing net (quivered)
 e - 25 stones
Armour
 b - a +0 animal skin (worn)
Scrolls
 d - a scroll of blinking {unknown}


   Skills:
 - Level 3.0 Fighting
 + Level 3.2 Axes
 - Level 1.7 Armour
 - Level 1.7 Dodging


You had one spell level left.
You didn't know any spells.
Your spell library was empty.

Dungeon Overview and Level Annotations

Branches:
Dungeon (1/15)

Altars:


Innate Abilities, Weirdness & Mutations

You sometimes gain a little power by taking damage.


Message History

You hit the jackal but do no damage.
The jackal is almost dead.
The jackal barely misses you.
Unknown command.
You barely miss the jackal. You punch the jackal.
You kill the jackal!
Trog accepts your kill.
No target in view!
No target in view!
HP restored.
You see here a jackal corpse.
d - a scroll labelled RYMEUNOGOLE You open the door.
There is an open door here.
Found a stone staircase leading down.
No target in view!
You now have 22 gold pieces (gained 7).
There is an open door here.
e - 25 stones A bat comes into view.
The bat misses you. The bat completely misses you.
You hit the bat.
The bat is moderately wounded.
The bat hits you but does no damage. The bat hits you. The bat hits you.
The bat closely misses you. The bat closely misses you.
The bat hits you but does no damage. The bat hits you but does no damage.
The bat barely misses you. The bat hits you.
The bat hits you but does no damage.
You hit the bat.
You kill the bat!
Trog accepts your kill.
You have reached level 2!
Your demonic ancestry asserts itself...
You feel energised by your suffering.
Are you sure you want to abandon this character and quit the game? (Confirm with "yes".)

#..####.####....###
##.#............#>.
#.............)#..
#####..........#.....
#......##+####.#.....
+..............#.....
#.......#.####....#..
#....†#.#.# ##...#..
##...@.#...#
###...###
..........#..
#..#.....
#########.#..
#..#..... #.#
#..###...
#.##.###........
#.##......######
#.#######.# #.# #.#
#.#######.#


There were no monsters in sight!

Vanquished Creatures
  A bat (D:1)
  A hobgoblin (D:1)
  4 jackals (D:1)
  A rat (D:1)
7 creatures vanquished.

Notes
Turn   | Place    | Note
-------+----------+-------------------------------------------
     0 | D:1      | knot the Demonspawn Berserker began the quest for the Orb.
     0 | D:1      | Reached XP level 1. HP: 18/18 MP: 1/1
   223 | D:1      | Gained mutation: You sometimes gain a little power by
                  | taking damage. [demonic ancestry]
   223 | D:1      | Reached XP level 2. HP: 22/24 MP: 2/2
   223 | D:1      | Quit the game

Illustrated notes

Levels and vault maps discovered:
D:1:      minmay_arrival_open_corners, layout_basic,
          shapermc_ecumenical_altar_mp_vishouse

Skill      XL: |  1 |
---------------+----+-----
Axes           | 3 |  3.2
Fighting       | |  3.0
Armour         | |  1.7
Dodging        | |  1.7

Action                   || total
-------------------------++-------
Melee: Hand axe          ||    13
       Punch             ||     1
Armor: Animal skin       ||     6
Dodge: Dodged            ||    10

Table legend: (Time is in decaauts)
 A = Elapsed time spent in this place.
 B = Non-inter-level travel time spent in this place.
 C = Inter-level travel time spent in this place.
 D = Time resting spent in this place.
 E = Time spent auto-exploring this place.
 F = Levels seen in this place.
 G = Mean time per level.
                   A        B        C        D        E       F      G
               +--------+--------+--------+--------+--------+-----+--------+
         Total |    225 |    225 |      0 |      0 |    187 |   1 |  225.0 |
       Dungeon |    225 |    225 |      0 |      0 |    187 |   1 |  225.0 |
               +--------+--------+--------+--------+--------+-----+--------+

Top non-repeatable levels by time:
     D:1: 225 daAuts
